 Dungeon Crawl Stone Soup version 0.31-a0-161-gb58dd9be76 (webtiles) character file.

Game seed: 8261762361139082962

908 Demosthentine the Poker (level 7, -7/55 HPs)
             Began as a Demonspawn Gladiator on June 12, 2023.
             Mangled by a kobold brigand
             ... wielding a +2 short sword of holy wrath
              (9 damage)
             ... on level 6 of the Dungeon.
             The game lasted 00:03:43 (4405 turns).

Demosthentine the Poker (Demonspawn Gladiator)      Turns: 4405, Time: 00:03:44

Health: -7/55      AC:  7    Str: 17    XL:     7   Next: 81%
Magic:  7/7        EV: 13    Int:  9    God:
Gold:   141        SH:  4    Dex: 14    Spells: 6/6 levels left

rFire   . . .        a - +0 trident
rCold   . . .        (no shield)
rNeg    . . .        b - +0 leather armour
rPois   .            c - +0 helmet
rElec   .            (no cloak)
rCorr   .            r - +2 pair of gloves
SInv    .            (no boots)
Will    .....        (no amulet)
Stlth   +            (no ring)
HPRegen 0.29/turn    (no ring)
MPRegen 0.10/turn

%: no passive effects
@: no status effects
A: large bone plates 1, spiny 1, demonic touch 1
a: no special abilities


You were on level 6 of the Dungeon.
You visited 1 branch of the dungeon, and saw 7 of its levels.

You collected 300 gold pieces.
You spent 159 gold pieces at shops.

Inventory:

Hand Weapons
 a - a +0 trident (weapon)
Missiles
 d - 4 throwing nets (quivered)
 e - a javelin
 f - 6 boomerangs
 l - 13 curare-tipped darts
 m - 8 poisoned darts
Armour
 b - a +0 leather armour (worn)
 c - a +0 helmet (worn)
 r - a +2 pair of gloves (worn)
Scrolls
 h - a scroll of fear
 k - a scroll of identify
 n - a scroll of blinking
 o - a scroll of teleportation
 p - a scroll of amnesia {unknown}
Potions
 g - 3 potions of attraction
 i - 2 potions of brilliance
 j - 2 potions of mutation
 q - 3 potions of curing


   Skills:
 + Level 4.8 Fighting
 + Level 4.9 Polearms
 - Level 1.7 Throwing
 + Level 3.8 Armour
 + Level 4.8 Dodging


You had 6 spell levels left.
You didn't know any spells.
Your spell library contained the following spells:

 Spells                   Type           Power      Damage    Failure   Level
 Apportation              Tloc           0%         N/A       43%         1
 Blink                    Tloc           0%         N/A       58%         2
 Ensorcelled Hibernation  Hex/Ice        0%         N/A       58%         2
 Lesser Beckoning         Tloc           0%         N/A       58%         2
 Momentum Strike          Conj/Tloc      0%         3d8       58%         2
 Passwall                 Tmut/Erth      0%         N/A       58%         2
 Swiftness                Air            0%         N/A       82%         3
 Tukima's Dance           Hex            0%         N/A       82%         3
 Passage of Golubria      Tloc           0%         N/A       99%         4
 Alistair's Intoxication  Tmut/Pois      0%         N/A       100%        5
 Yara's Violent Unravell  Hex/Tmut       0%         3d3       100%        5


Dungeon Overview and Level Annotations

Branches:
Dungeon (7/15)
 Temple: D:4-7

Altars:
Trog
Uskayaw

Shops:
D:5 ?

Annotations:
D:3 1 runed translucent door, oldplebian's ghost, amateur DgCj
D:4 1 runed translucent door, superbruh's ghost, amateur DsBr


Innate Abilities, Weirdness & Mutations

You are partially covered in large bone plates. (SH +4)
You are partially covered in sharp spines.
Your touch may inflict minor irresistible damage on your foes.


Message History

The ogre shouts!
A wight comes into view. It is wielding a +3 halberd.
A wight comes into view. It is wielding a +4 spear.
A wight comes into view. It is wielding a +4 spear of freezing.
Found a scale mail.
The ogre is struck by your spines.
The ogre hits you with a +0 giant spiked club!!
There is a stone staircase leading up, spattered with blood here.
You climb upwards.
The kobold shouts! x3; The iguana hisses angrily.
You hear an angry hiss.
Found 8 stones.
Found a stone staircase leading down and a stone staircase leading up.
There is a stone staircase leading down here.
You hit the ogre.
You touch the ogre!
The ogre is severely wounded.
The ogre hits you with a +0 giant spiked club!!
* * * LOW HITPOINT WARNING * * *
The kobold closely misses you.
You are too injured to fight recklessly!
Unknown command.
You hit the ogre.
The ogre is severely wounded.
The ogre barely misses you.
Unknown command.
You puncture the ogre!
You kill the ogre!
An adder comes into view.
The kobold completely misses you.
The kobold brigand is struck by your spines.
The kobold brigand hits you but does no damage.
Unknown command.
The kobold attacks as you move away! The kobold misses you.
The iguana closely misses you.
Unknown command.
The iguana attacks as you move away! The iguana bites you!
* * * LOW HITPOINT WARNING * * *
The kobold brigand attacks as you move away!
The kobold brigand hits you with a +2 short sword of holy wrath.
* * * LOW HITPOINT WARNING * * *
You convulse!
You die...

..#...# .#####
#......#...#.#.
.#..............
...............#
............<.##
...............#
#.S....l.......#
>....KKK@.......
.......KK.##.##.
........).#
...........#
.............
...............
......##.......
...#.. ##......
....(. ......


You could see a kobold brigand, an iguana, an adder and 4 kobolds.

Vanquished Creatures
  Grinder (D:5)
  An ice beast (D:5)
  2 ogres
  2 orc priests
  3 orc wizards
  A sleepcap (D:5)
  2 iguanas (D:5)
  5 adders
  3 shadow imps (D:5)
  2 ufetubi (D:5)
  2 worms (D:2)
  4 dart slugs
  15 orcs
  8 endoplasms
  6 giant cockroaches
  5 goblins
  7 hobgoblins
  10 jackals
  8 kobolds
  8 quokkas
  10 ball pythons
  6 bats
  3 frilled lizards
  5 rats
119 creatures vanquished.

Vanquished Creatures (others)
  An orc wizard (D:3)
  An adder (D:5)
2 creatures vanquished.

Grand Total: 121 creatures vanquished

Notes
Turn   | Place    | Note
-------+----------+-------------------------------------------
     0 | D:1      | Demosthentine the Demonspawn Gladiator began the quest for
                  | the Orb.
     0 | D:1      | Reached XP level 1. HP: 16/16 MP: 1/1
   112 | D:1      | Gained mutation: You are partially covered in sharp spines.
                  | [demonic ancestry]
   112 | D:1      | Reached XP level 2. HP: 22/22 MP: 2/2
   562 | D:1      | Reached skill level 1 in Armour
   677 | D:2      | Reached XP level 3. HP: 21/28 MP: 3/3
   896 | D:2      | Identified the +0 chain mail of the Pink Corner {rF+ Int+3}
  1338 | D:2      | Gained mutation: You are partially covered in large bone
                  | plates. (SH +4) [demonic ancestry]
  1338 | D:2      | Reached XP level 4. HP: 34/34 MP: 4/4
  1602 | D:3      | Found a faded altar of an unknown god.
  1645 | D:3      | Identified the +4 quarterstaff of the Mordant God {heavy,
                  | Fragile Will+ Dex+2 SInv}
  1734 | D:3      | Noticed oldplebian's ghost (amateur DgCj)
  1737 | D:3      | Found a runed translucent door.
  2103 | D:3      | Reached XP level 5. HP: 19/41 MP: 5/5
  2427 | D:4      | Found a runed translucent door.
  2429 | D:4      | Noticed superbruh's ghost (amateur DsBr)
  3311 | D:5      | Entered Level 5 of the Dungeon
  3311 | D:5      | Found Vyurgh's Magic Scroll Boutique.
  3313 | D:5      | Bought a scroll of fear for 44 gold pieces
  3313 | D:5      | Bought a scroll of blinking for 82 gold pieces
  3313 | D:5      | Bought a scroll of teleportation for 33 gold pieces
  3718 | D:5      | Found a hide-covered altar of Uskayaw.
  3720 | D:5      | Noticed an ogre
  3728 | D:5      | Gained mutation: Your touch may inflict minor irresistible
                  | damage on your foes. [demonic ancestry]
  3728 | D:5      | Reached XP level 6. HP: 47/47 MP: 6/6
  4058 | D:5      | Noticed Grinder
  4077 | D:5      | Killed Grinder
  4078 | D:5      | Reached XP level 7. HP: 23/55 MP: 7/7
  4375 | D:5      | You fall into a shaft and drop 2 floors!
  4375 | D:7      | Found a bloodstained altar of Trog.
  4405 | D:6      | HP: 2/55 [kobold brigand/+2 short sword of holy wrath (6)]
  4405 | D:6      | Mangled by a kobold brigand

Illustrated notes

Levels and vault maps discovered:
D:1:      beargit_arrival_greenhouse, layout_loops_ring, dreamdust_wishing_well
D:2:      layout_basic, minmay_misc_feat_tower
D:3:      layout_loops_ring, hellmonk_ecumenical_altar_lost_god,
          hellmonk_ghost_happy_afterlife, minmay_fountain_box
D:4:      layout_cave_pods, ebering_ghost_sewer_d
D:5:      nicolae_BIG_FREAKIN_CUBE, layout_cave_pools,
          lemuel_mausoleum_altar_kikubaaqudgha,
          nicolae_uskayaw_murder_on_the_dancefloor, serial_demonic,
          serial_demonic_c, serial_demonic_b, serial_demonic_c,
          serial_demonic_c, serial_shops, shop, uniq_grinder
D:6:      layout_cave_pools, temple_pool_b
D:7:      layout_rooms, mainiacjoe_overflow_divided_tiny,
          uniq_crazy_yiuf_cottage

Skill      XL: |  1  2  3  4  5  6 |
---------------+-------------------+-----
Polearms       | 3 4 |  4.9
Armour         | 1 2 3 |  3.8
Dodging        | 3 4 |  4.8
Fighting       | 3 4 |  4.8
Throwing       | |  1.7

Action                     |  1- 3 |  4- 6 |  7- 9 || total
---------------------------+-------+-------+-------++-------
  Melee: Trident           |   116 |   194 |    22 ||   332
         Touch             |       |    10 |     7 ||    17
  Throw: Throwing net      |       |     3 |       ||     3
    Use: Scroll            |     2 |     7 |       ||     9
         Potion            |       |     2 |       ||     2
   Stab: Sleeping          |     2 |       |       ||     2
 Armour: Leather armour    |    28 |    28 |     2 ||    58
  Dodge: Dodged            |    46 |    81 |    11 ||   138
  Block: Other             |       |    19 |     1 ||    20

Table legend: (Time is in decaauts)
 A = Elapsed time spent in this place.
 B = Non-inter-level travel time spent in this place.
 C = Inter-level travel time spent in this place.
 D = Time resting spent in this place.
 E = Time spent auto-exploring this place.
 F = Levels seen in this place.
 G = Mean time per level.
                   A        B        C        D        E       F      G
               +--------+--------+--------+--------+--------+-----+--------+
         Total |   4444 |   4232 |    212 |      0 |   3471 |   7 |  634.9 |
       Dungeon |   4444 |   4232 |    212 |      0 |   3471 |   7 |  634.9 |
               +--------+--------+--------+--------+--------+-----+--------+

Top non-repeatable levels by time:
     D:4: 1181 daAuts
     D:2: 936 daAuts
     D:5: 885 daAuts
     D:3: 786 daAuts
     D:1: 623 daAuts
     D:7: 25 daAuts
     D:6: 4 daAuts
